AoeStats
← Iverson

Oasis

509436352Analyzed
3v3 RM · 6d ago on Sep 26, 2026· 38m 1s· 6 players
Game mode
Random Map
Map size
Normal (6 player)
Population
200
Speed
Normal
Resources
Standard
Victory
Conquest
Starting age
Dark Age
Ending age
Imperial Age
RankedLock teamsTeams togetherTeam positionsShared explorationLock speedFull tech treeHidden civsTurbo modeCheats
Victory
Defeat
🇪🇸 Lithuanians · Spain
1165
+15
🇪🇸 Huns · Spain
1135
+16
🇺🇸 Varangians · United States
1073
+20
🇦🇷 Romans · Argentina
1161
-18
🇦🇷 Britons · Argentina
1157
-17
🇦🇷 Spanish · Argentina
1110
-16
juliotorralbar
10:24 Feudal Age
10:03 Loom
10:13 Loom
10:47 Horse Collar
10:54 Double-Bit Axe
11:46 Loom
17:32 Castle Age
16:21 Fletching
18:53 Bow Saw
19:01 Bodkin Arrow
19:16 Heavy Plow
19:45 Husbandry
21:26 Wheelbarrow
20:38 Town Watch
22:27 Scale Barding Armor
23:57 Forging
23:48 Scale Mail Armor
24:01 Squires
24:24 Pikeman
24:50 Arson
26:18 Thumb Ring
27:45 Gold Mining
29:50 Town Patrol
30:31 Chain Barding Armor
30:44 Bloodlines
32:03 Gold Shaft Mining
31:33 Stone Mining
32:35 Hand Cart
38:09 Imperial Age
36:01 Ballistics
35:40 Murder Holes
36:22 Iron Casting
35:52 Light Cavalry
Iverson
7:42 Loom
11:03 Feudal Age
11:20 Man-at-Arms
12:54 Double-Bit Axe
18:09 Horse Collar
20:50 Bloodlines
23:58 Castle Age
22:30 Scale Barding Armor
23:11 Forging
25:19 Bow Saw
25:21 Husbandry
25:20 Gold Mining
26:09 Wheelbarrow
26:15 Heavy Plow
26:57 Wheelbarrow
26:09 Town Watch
29:33 Iron Casting
31:43 Scale Mail Armor
33:45 Arson
34:02 Squires
33:48 Gambesons
34:53 Fletching
36:38 Masonry
teomiroteomiro
7:29 Loom
10:01 Feudal Age
14:38 Castle Age
12:54 Double-Bit Axe
16:38 Bow Saw
19:34 Wheelbarrow
21:46 Fervor
22:14 Horse Collar
24:24 Bloodlines
24:42 Scale Barding Armor
25:02 Heavy Plow
26:35 Chain Barding Armor
27:18 Husbandry
27:37 Town Watch
29:08 Forging
29:40 Stone Mining
29:41 Gold Mining
30:22 Hand Cart
30:07 Town Patrol
35:31 Imperial Age
33:56 Town Patrol
34:52 Iron Casting
36:07 Stone Shaft Mining
35:38 Cavalier
37:07 Plate Barding Armor
38:39 Two-Man Saw
37:25 Paladin
MAVERICK
1:18 Loom
11:59 Feudal Age
16:34 Castle Age
16:06 Double-Bit Axe
16:05 Horse Collar
20:49 Scale Barding Armor
23:42 Bloodlines
28:23 Bow Saw
28:23 Fletching
31:58 Bodkin Arrow
34:07 Heavy Plow
36:26 Gold Mining
rstizza
6:26 Loom
13:25 Feudal Age
14:10 Double-Bit Axe
17:40 Castle Age
16:17 Horse Collar
21:11 Scale Barding Armor
25:13 Gold Mining
25:36 Bow Saw
27:34 Heavy Plow
29:18 Chain Barding Armor
29:42 Pikeman
36:58 Wheelbarrow
36:43 Squires
39:45 Imperial Age
balgarv
5:24 Loom
11:51 Feudal Age
21:28 Castle Age
20:29 Double-Bit Axe
21:00 Fletching
22:23 Bow Saw
22:25 Bodkin Arrow
26:25 Horse Collar
27:23 Pikeman
Connection lost

Rejoining the realm…

Still unreachable

The connection could not be restored.

Session expired

The server has moved on; the page needs a fresh start.